 Dungeon Crawl Stone Soup version 0.17-a0-2231-gd80ca38 (webtiles) character file.

13874 kroki the Basher (level 12, -3/75 HPs)
             Began as a Kobold Berserker on Oct 29, 2015.
             Was a High Priest of Trog.
             Slain by Maud
             ... wielding a +2 broad axe of chopping
              (6 damage)
             ... on level 3 of the Orcish Mines.
             The game lasted 00:22:27 (16084 turns).

kroki the Basher (Kobold Berserker)                Turns: 16084, Time: 00:22:28

Health: -3/75      AC: 20    Str: 16    XL:     12   Next: 38%
Magic:  0/18       EV:  9    Int:  8    God:    Trog [*****.]
Gold:   964        SH:  7    Dex: 20    Spells: 0 memorised, 11 levels left

rFire  . . .     SeeInvis .     Q - +0 morningstar (holy)
rCold  . . .     Clarity  .     y - +2 plate armour {rPois}
rNeg   + + .     SustAt   .     d - +0 buckler
rPois  +         Gourm    .     a - +1 hat {Int+3}
rElec  +         Spirit   +     v - +1 cloak
rCorr  .         Warding  .     (no gloves)
rMut   .         Stasis   .     F - +0 pair of boots
MR     +....                    g - amulet of guardian spirit {Spirit}
Stlth  ..........               L - ring of positive energy {rN+}
                                A - ring "Tenwakh" {rElec rN+ MR+}

@: exhausted, slowed, very slow, somewhat resistant to hostile enchantments,
extremely unstealthy
A: carnivore 3
a: Berserk, Trog's Hand, Brothers in Arms, Burn Spellbooks, Renounce Religion


You were on level 3 of the Orcish Mines.
You worshipped Trog.
Trog was extremely pleased with you.
You were full.

You visited 3 branches of the dungeon, and saw 14 of its levels.
You also visited: Bailey.

You collected 1106 gold pieces.
You spent 142 gold pieces at shops.

Inventory:

Hand Weapons
 Q - a +0 morningstar of holy wrath (weapon)
   (You acquired it on level 9 of the Dungeon)
Missiles
 w - 6 throwing nets {=f, !d}
 R - 5 curare-tipped needles
Armour
 a - a +1 hat of intelligence (worn)
   (You took it off Gastronok on level 10 of the Dungeon)
 d - a +0 buckler (worn)
   (You found it on level 2 of the Dungeon)
 n - a +1 leather armour of magic resistance
   (You found it on level 2 of the Dungeon)
 o - a +0 chain mail
   (You found it on level 3 of the Dungeon)
 t - a +0 ring mail of fire resistance
   (You took it off an orc on level 3 of the Dungeon)
 v - a +1 cloak (worn)
   (You took it off Crazy Yiuf on level 3 of the Dungeon)
 y - a +2 plate armour of poison resistance (worn)
   (You found it on level 5 of the Dungeon)
 F - a +0 pair of boots (worn)
   (You found it on level 6 of the Dungeon)
Rods
 M - a -3 iron rod (10/10)
   (You found it on level 8 of the Dungeon)
Jewellery
 g - an amulet of guardian spirit (around neck) {Spirit}
   (You found it on level 1 of the Dungeon)
 A - the ring "Tenwakh" (left hand) {rElec rN+ MR+}
   (You found it on level 6 of the Dungeon)

   [ring of protection from magic]

   It insulates you from electricity.
   It protects you from negative energy.
   It affects your resistance to hostile enchantments.
 L - a ring of positive energy (right hand) {rN+}
   (You found it on level 8 of the Dungeon)
 X - an uncursed ring of wizardry {unknown}
   (You found it on level 10 of the Dungeon)
Wands
 E - a wand of draining (0)
   (You found it on level 6 of the Dungeon)
 H - a wand of disintegration (15)
   (You found it on level 7 of the Dungeon)
 J - a wand of lightning (0)
   (You found it on level 7 of the Dungeon)
 O - a wand of polymorph (2)
   (You found it on level 9 of the Dungeon)
 P - a wand of enslavement (8)
   (You found it on level 9 of the Dungeon)
Scrolls
 f - 5 scrolls of remove curse
 k - a scroll of blinking {!r}
 q - 3 scrolls of fear
 r - 6 scrolls of enchant weapon
 x - 2 scrolls of teleportation
 B - 4 scrolls of fog
 K - 3 scrolls of enchant armour
 U - a scroll of immolation {!r}
 V - a scroll of magic mapping {!r}
Potions
 b - a potion of berserk rage {!q}
 e - 6 potions of brilliance
 h - 4 potions of heal wounds
 i - 5 potions of might {unknown}
 j - 4 potions of agility
 l - a potion of flight
 u - 3 potions of degeneration {unknown}
 z - 6 potions of curing
 C - 2 potions of poison
 G - a potion of resistance {unknown}
 N - a potion of magic {unknown}
 S - a potion of mutation {!q}
Books
 s - a book of Dreams
   (You found it on level 10 of the Dungeon)
 D - a book of Callings
   (You found it on level 6 of the Dungeon)
 W - a book of Clouds
   (You found it on level 10 of the Dungeon)
Comestibles
 c - 3 meat rations {@e2}
 m - a royal jelly
 p - a slice of pizza
 I - 8 beef jerkies


   Skills:
 + Level 8.5 Fighting
 + Level 11.5 Maces & Flails
 * Level 8.8 Armour
 - Level 2.4 Dodging
 - Level 4.9 Shields
 + Level 8.5 Evocations


You had 11 spell levels left.
You didn't know any spells.

Dungeon Overview and Level Annotations

Branches:
Dungeon (10/15)            Temple (1/1) D:4             Orc (3/4) D:10
   Lair: D:8-11         Elf: Orc:3-4

Altars:
Dithmenos
Gozag
Makhleb
Okawaru
Qazlal
Sif Muna
Trog
Vehumet
Yredelemnul
The Shining One

Shops:
D:5 =   D:10 ?

Annotations:
D:2 2 exclusions
D:5 Blork the orc
D:6 vault
Orc:3 Maud


Innate Abilities, Weirdness & Mutations

You are small and have problems with some larger weapons.
You are carnivorous and can eat meat at any time.


Message History

Trog accepts your kill. The orc closely misses you. The orc barely misses you.
You closely miss the orc.
MP restored: 18 You block the orc's attack.
The orc barely misses you.
Things that are here:
a club; a ring mail You hit the orc.
The orc hits you but does no damage. The orc hits you with a flail.
You take 1 damage, and have 71/75 hp.
You hit the orc.
You kill the orc!
Trog accepts your kill. The orc hits you but does no damage.
You hit the orc. You block the orc's attack.
You thump the orc!
You kill the orc!
Trog accepts your kill.
Things that are here:
a flail; a scale mail
Things that are here:
a club; a ring mail
Things that are here:
a dagger; a ring mail; an orc corpse
Things that are here:
a hand axe; a ring mail; an orc corpse You now have 941 gold pieces (gained 17).
You now have 955 gold pieces (gained 14).
You now have 964 gold pieces (gained 9).
The alarm trap emits a blaring wail!
A sentinel's mark forms upon you.
You hear a shout! x10
Health restored: 75
Found a stone staircase leading down.
Unknown command.
Maud the Forgotten comes into view.
She is wielding a broad axe of chopping.
Maud is nearby!
Unknown command.
Maud is nearby!
Unknown command.
Maud is nearby!
Maud is nearby!
Unknown command.
Unknown command.
A red film seems to cover your vision as you go berserk!
You feel yourself moving faster!
You feel mighty!
You feel somewhat less full.
You now have 112/112 hp.
You hit Maud but do no damage. You hit Maud. Maud hits you but does no damage.
You hit Maud. You hit Maud but do no damage.
Maud hits you with a broad axe of chopping.
You take 7 damage, and have 105/112 hp.
You now have 17/18 mp.
Your plate armour prevents you from hitting Maud.
Your plate armour prevents you from hitting Maud.
Maud hits you with a broad axe of chopping!
You take 8 damage, and have 97/112 hp.
You now have 15/18 mp.
You hit Maud. You puncture Maud!
Maud hits you with a broad axe of chopping.
You take 5 damage, and have 92/112 hp.
You now have 14/18 mp.
You barely miss Maud. You barely miss Maud. You closely miss Maud.
Maud hits you with a broad axe of chopping!!
You take 19 damage, and have 74/112 hp.
You now have 10/18 mp.
You closely miss Maud. You hit Maud but do no damage.
Maud hits you with a broad axe of chopping.
You take 2 damage, and have 72/112 hp.
You puncture Maud!
Your plate armour prevents you from hitting Maud.
Maud screams, "If you give me 'Entarex', I'll let you live!"
Maud hits you with a broad axe of chopping!!
You take 23 damage, and have 49/112 hp.
MASSIVE DAMAGE!!
You now have 8/18 mp.
You thump Maud! You puncture Maud! You block Maud's attack.
You hit Maud. You sock Maud!
The sentinel's mark upon you fades away.
You hit Maud.
Maud hits you with a broad axe of chopping!
You take 8 damage, and have 42/112 hp.
You now have 7/18 mp.
You hit Maud but do no damage.
Your plate armour prevents you from hitting Maud.
Maud hits you with a broad axe of chopping!
You take 8 damage, and have 34/112 hp.
You now have 6/18 mp.
You completely miss Maud. You barely miss Maud. Maud completely misses you.
You hit Maud.
You are no longer berserk.
You are exhausted.
You feel yourself slow down.
You now have 23/75 hp.
Your ogre goes berserk!
You feel somewhat less full.
Maud hits you with a broad axe of chopping!!
* * * LOW HITPOINT WARNING * * *
You die...

### ##.#### #...#.##
##.#...# ##.#...# #...#.##
..... .. ###...#.## .....
.... ##........## .... .....
#..@.....#.###
...##...#.#...>.@.........##
...#.......#.#.#O..........#
....#.....######........#.##
..........#..#.........####
.........#.............##
[)<>.....##.............#
.)....(..............#.##
#)).................#...#


You could see Maud and a friendly ogre (berserk).

Vanquished Creatures
  2 deep trolls (D:10)
  2 hill giants (D:10)
  2 orc knights (Bailey)
  Pikel (D:8)
  2 trolls (D:9)
  Grinder (D:3)
  5 yaks (D:9)
  3 hippogriffs
  14 orc warriors
  3 sky beasts
  5 centaurs
  An eye of draining (D:10)
  2 ice beasts
  5 ogres
  3 necrophages
  A phantom (D:9)
  A big kobold (D:10)
  5 giant frogs
  A scorpion (D:7)
  8 wights
  6 killer bees (D:9)
  5 crimson imps
  10 orc priests
  4 hounds
  A wasp zombie (D:10)
  Crazy Yiuf (D:3)
  A giant frog zombie (D:6)
  A gnoll shaman (D:7)
  2 iguanas
  A giant frog skeleton (D:6)
  2 centaur skeletons
  4 worker ants
  Jessica (D:2)
  11 orc wizards
  A worker ant zombie (D:9)
  10 gnolls
  14 adders
  An ooze (D:2)
  A worm (D:2)
  6 giant geckos
  117 orcs
  6 bats
  13 goblins
  5 hobgoblins
  3 quokkas
  3 ball pythons
  3 giant cockroaches
  3 giant newts (D:1)
  3 jackals (D:7)
  11 kobolds
  A quokka skeleton (D:9)
  14 rats
332 creatures vanquished.

Vanquished Creatures (collateral kills)
  Gastronok (D:10)
  An orc warlord (D:10)
  The ghost of kguciosek the Slicer, a novice KoFi of Okawaru (Bailey)
  2 orc knights (Bailey)
  4 killer bees (D:10)
  An iguana (D:10)
  9 orcs (Bailey)
19 creatures vanquished.

Vanquished Creatures (others)
  An ice beast (D:10)
  An orc warrior (Orc:1)
  4 jackals (D:4)
6 creatures vanquished.

Grand Total: 357 creatures vanquished

Notes
Turn   | Place    | Note
--------------------------------------------------------------
     0 | D:1      | kroki the Kobold Berserker began the quest for the Orb.
     0 | D:1      | Reached XP level 1. HP: 14/14 MP: 1/1
   588 | D:1      | Reached XP level 2. HP: 19/19 MP: 2/2
  1100 | D:1      | Reached skill level 4 in Maces & Flails
  1100 | D:1      | Reached XP level 3. HP: 23/23 MP: 3/3
  2043 | D:2      | Noticed Jessica
  2050 | D:2      | Killed Jessica
  2050 | D:2      | Reached XP level 4. HP: 24/28 MP: 2/4
  2051 | D:2      | Reached ** piety under Trog
  2051 | D:2      | Reached skill level 5 in Maces & Flails
  2455 | D:2      | Reached XP level 5. HP: 30/32 MP: 5/5
  2690 | D:2      | Noticed a moth of wrath
  2975 | D:2      | Found a bloodstained altar of Trog.
  3209 | D:2      | Reached skill level 1 in Shields
  3287 | D:3      | Found a faded altar to an unknown god.
  3334 | D:3      | Noticed Grinder
  3381 | D:3      | Killed Grinder
  3381 | D:3      | Reached skill level 6 in Maces & Flails
  3381 | D:3      | Reached skill level 2 in Shields
  3381 | D:3      | Reached XP level 6. HP: 37/37 MP: 6/6
  3614 | D:3      | Found a deep blue altar of Sif Muna.
  3825 | D:3      | Reached XP level 7. HP: 32/41 MP: 3/7
  4115 | D:3      | Noticed Crazy Yiuf
  4121 | D:3      | Killed Crazy Yiuf
  4251 | D:3      | Reached skill level 3 in Shields
  4873 | D:4      | HP: 10/41 [poisoned by a worker ant]
  4878 | D:4      | HP: 8/41 [poisoned by a worker ant]
  4883 | D:4      | HP: 6/41 [poisoned by a worker ant]
  4890 | D:4      | HP: 5/41 [poisoned by a worker ant]
  4898 | D:4      | HP: 4/41 [poisoned by a worker ant]
  5931 | D:4      | Found a staircase to the Ecumenical Temple.
  6054 | Temple   | Entered the Ecumenical Temple
  6099 | D:5      | Entered Level 5 of the Dungeon
  6119 | D:5      | Found Odooth's Jewellery Shop.
  6182 | D:5      | Reached *** piety under Trog
  6386 | D:5      | Reached skill level 7 in Maces & Flails
  6386 | D:5      | Reached XP level 8. HP: 36/46 MP: 5/8
  6573 | D:5      | Reached skill level 4 in Shields
  6734 | D:5      | Noticed Blork the orc
  7314 | D:5      | Found an opulent altar of Gozag.
  7779 | D:6      | Reached skill level 8 in Maces & Flails
  7830 | D:6      | Got a slimy brass ring
  8322 | D:6      | Reached skill level 9 in Maces & Flails
  8322 | D:6      | Reached XP level 9. HP: 51/51 MP: 6/9
  8709 | D:7      | Reached skill level 2 in Armour
  8787 | D:7      | Reached skill level 1 in Evocations
  8852 | D:7      | Reached skill level 4 in Fighting
  8852 | D:7      | Reached skill level 2 in Evocations
  8911 | D:7      | Found a glowing golden altar of the Shining One.
  8948 | D:7      | Reached **** piety under Trog
  9031 | D:7      | Reached skill level 3 in Armour
  9202 | D:7      | Found a stormy altar of Qazlal.
  9500 | D:7      | Reached skill level 3 in Evocations
  9609 | D:7      | Found a radiant altar of Vehumet.
  9609 | D:7      | Found a burning altar of Makhleb.
  9712 | D:8      | Found an iron altar of Okawaru.
  9776 | D:8      | Found a flagged portal.
  9811 | Bailey   | Entered a bailey
  9813 | Bailey   | Noticed kguciosek's ghost (novice KoFi)
  9816 | Bailey   | Identified the ring "Tenwakh" {rElec rN+ MR+} (You found it on level 6 of the Dungeon)
  9830 | Bailey   | Killed kguciosek's ghost
  9830 | Bailey   | Reached skill level 5 in Fighting
  9830 | Bailey   | Reached skill level 4 in Armour
  9830 | Bailey   | Reached XP level 10. HP: 37/59 MP: 8/12
 10717 | Bailey   | Noticed an orc knight
 10736 | Bailey   | Reached skill level 4 in Evocations
 10751 | Bailey   | Killed an orc knight
 10751 | Bailey   | Reached skill level 10 in Maces & Flails
 10751 | Bailey   | Reached skill level 5 in Armour
 10866 | Bailey   | HP: 16/90 [orc warrior/glaive (9)]
 11020 | Bailey   | Noticed an orc knight
 11029 | Bailey   | Killed an orc knight
 11029 | Bailey   | Reached skill level 5 in Evocations
 11041 | Bailey   | Noticed an orc knight
 11089 | Bailey   | Noticed an orc knight
 11089 | Bailey   | Noticed an orc knight
 11100 | Bailey   | Killed an orc knight
 11100 | Bailey   | Reached skill level 6 in Fighting
 11106 | Bailey   | Killed an orc knight
 11345 | D:8      | Noticed Pikel
 11372 | D:8      | Killed Pikel
 11372 | D:8      | Reached skill level 6 in Armour
 11734 | D:9      | Reached XP level 11. HP: 66/66 MP: 13/15
 11767 | D:9      | Reached skill level 6 in Evocations
 12330 | D:9      | Reached skill level 7 in Armour
 12454 | D:9      | Reached skill level 7 in Fighting
 12482 | D:9      | Found a shadowy altar of Dithmenos.
 12736 | D:9      | Found a basalt altar of Yredelemnul.
 13126 | D:9      | Identified a scroll of acquirement
 13257 | D:10     | Entered Level 10 of the Dungeon
 13277 | D:10     | Noticed Gastronok
 13504 | D:10     | Killed Gastronok
 13504 | D:10     | Reached skill level 7 in Evocations
 13556 | D:10     | Noticed a hill giant
 13558 | D:10     | Noticed a deep troll
 13558 | D:10     | a hill giant changed into a deep troll
 13566 | D:10     | Killed a deep troll
 13566 | D:10     | Reached skill level 11 in Maces & Flails
 13624 | D:10     | Noticed a hill giant
 13638 | D:10     | Killed a hill giant
 13638 | D:10     | Reached skill level 8 in Armour
 13774 | D:10     | Found a staircase to the Orcish Mines.
 13794 | D:10     | Received a gift from Trog
 13840 | D:10     | HP: 16/68 [ogre/giant spiked club (8)]
 13897 | D:10     | Reached ***** piety under Trog
 13975 | D:10     | Noticed Harold
 14068 | D:10     | Noticed Harold
 14068 | D:10     | Harold changed into Harold the deep troll
 14078 | D:10     | Killed Harold the deep troll
 14078 | D:10     | Reached skill level 8 in Fighting
 14078 | D:10     | Reached XP level 12. HP: 73/73 MP: 17/17
 14281 | D:10     | Reached skill level 8 in Evocations
 14339 | D:10     | Found Tiuddent's Magic Scroll Boutique.
 14346 | D:10     | Bought a scroll of immolation for 45 gold pieces
 14346 | D:10     | Bought a scroll of magic mapping for 45 gold pieces
 14346 | D:10     | Bought a scroll of identify for 26 gold pieces
 14346 | D:10     | Bought a scroll of identify for 26 gold pieces
 14667 | Orc:1    | Entered Level 1 of the Orcish Mines
 14843 | Orc:1    | Noticed an orc warlord
 15071 | D:10     | Killed an orc warlord
 16056 | Orc:3    | Noticed Maud
 16084 | Orc:3    | HP: 3/75 [Maud/broad axe of chopping (20)]
 16084 | Orc:3    | Slain by Maud

Vault maps used:
D:1:      dpeg_arrival_tiny_j, minmay_liquid_box, minivault_27,
          nrook_mini_vaults, hangedman_decor_growths
D:2:      tgw_trog, uniq_jessica
D:3:      nicolae_overflow_hidden_temple, ecumenical_altar_1, serial_bayou,
          serial_bayou_shore_b, serial_bayou_ford_a, serial_bayou_lagoon_a,
          serial_bayou_shore_b, uniq_crazy_yiuf_cottage, uniq_grinder
D:4:      lemuel_temple_firewalk_marked, first_bread
D:5:      lemuel_coloured_pillars_altar, serial_shops, shop_coins, tgw_sif
D:6:      lemuel_ice_spiral_2
D:7:      grunt_temple_overflow_lords_of_destruction, lemuel_doored_altar,
          tso_metal_star, grunt_ogre_cave
D:8:      boulder_corridor_run, okawaru_ov_weapons_minmay, enter_bailey_3,
          uniq_pikel
D:9:      grunt_dithmenos_smoke_and_mirrors, yredelemnul_altar_generic
D:10:     hiddenorc2_lemuel, serial_shops, shop, dk_noncrumbling_4,
          mrwooster_statue_mirror, uniq_gastronok, uniq_harold
Temple:   chambers_temple_10
Orc:1:    uniq_urug
Orc:2:    mines4_lemuel, uniq_maurice
Orc:3:    nicolae_orc_pool_cavern, uniq_maud
Bailey:   bailey_polearm_5, bailey

Action                   |  1- 3 |  4- 6 |  7- 9 | 10-12 || total
-------------------------+-------+-------+-------+-------++-------
Melee: Mace              |    73 |   122 |     5 |       ||   200
       Flail             |       |       |   514 |   401 ||   915
       Morningstar       |       |       |       |   455 ||   455
Invok: Berserk           |     4 |     3 |     9 |    13 ||    29
       Trog's Hand       |       |     2 |     1 |     4 ||     7
       Brothers in Arms  |       |       |     1 |     5 ||     6
Evoke: Wand              |       |       |     1 |    18 ||    19
  Use: Scroll            |     4 |     4 |    11 |     6 ||    25
 Stab: Distracted        |       |       |       |     1 ||     1
  Eat: Chunk             |    15 |     7 |    31 |    34 ||    87

Vault maps used:
D:1:      dpeg_arrival_tiny_j, minmay_liquid_box, minivault_27,
          nrook_mini_vaults, hangedman_decor_growths
D:2:      tgw_trog, uniq_jessica
D:3:      nicolae_overflow_hidden_temple, ecumenical_altar_1, serial_bayou,
          serial_bayou_shore_b, serial_bayou_ford_a, serial_bayou_lagoon_a,
          serial_bayou_shore_b, uniq_crazy_yiuf_cottage, uniq_grinder
D:4:      lemuel_temple_firewalk_marked, first_bread
D:5:      lemuel_coloured_pillars_altar, serial_shops, shop_coins, tgw_sif
D:6:      lemuel_ice_spiral_2
D:7:      grunt_temple_overflow_lords_of_destruction, lemuel_doored_altar,
          tso_metal_star, grunt_ogre_cave
D:8:      boulder_corridor_run, okawaru_ov_weapons_minmay, enter_bailey_3,
          uniq_pikel
D:9:      grunt_dithmenos_smoke_and_mirrors, yredelemnul_altar_generic
D:10:     hiddenorc2_lemuel, serial_shops, shop, dk_noncrumbling_4,
          mrwooster_statue_mirror, uniq_gastronok, uniq_harold
Temple:   chambers_temple_10
Orc:1:    uniq_urug
Orc:2:    mines4_lemuel, uniq_maurice
Orc:3:    nicolae_orc_pool_cavern, uniq_maud
Bailey:   bailey_polearm_5, bailey

Table legend:
 A = Turns spent in this place as a percentage of turns spent in the entire game.
 B = Non-inter-level travel turns spent in this place as a percentage of non-inter-level travel turns spent in the entire game.
 C = Inter-level travel turns spent in this place as a percentage of turns spent in this place.
 D = Turns resting spent in this place as a percentage of non-inter-level travel turns spent in this place.
 E = Turns spent auto-exploring this place as a percentage of non-inter-level travel turns spent in this place.
 F = Non-inter-level travel turns spent in this place divided by the number of levels of this place that you've seen.
                   A       B       C       D       E      F
               +-------+-------+-------+-------+-------+----------------------
         Total | 100.0 | 100.0 |   0.3 |   3.9 |   6.0 | 384.9
       Dungeon |  79.4 |  79.4 |   0.4 |   4.1 |   6.4 | 458.2
        Temple |   0.0 |   0.0 |   0.0 |   0.0 |   0.0 |   2.0
  Orcish Mines |   9.1 |   9.1 |   0.4 |   1.1 |   8.7 | 175.3
        Bailey |  11.5 |  11.5 |   0.0 |   4.2 |   1.2 | 664.0
               +-------+-------+-------+-------+-------+----------------------

Table legend:
 A = Kills in this place as a percentage of kills in entire the game.
 B = Kills by you in this place as a percentage of kills by you in the entire game.
 C = Kills by friends in this place as a percentage of kills by friends in the entire game.
 D = Other kills in this place as a percentage of other kills in the entire game.
 E = Experience gained in this place as a percentage of experience gained in the entire game.
 F = Experience gained in this place divided by the number of levels of this place that you have seen.
                   A       B       C       D       E      F
               +-------+-------+-------+-------+-------+----------------------
         Total | 100.0 | 100.0 | 100.0 |  -nan | 100.0 | 1321.4
       Dungeon |  72.4 |  74.4 |  36.8 |  -nan |  78.9 | 1562.9
  Orcish Mines |  16.2 |  17.2 |   0.0 |  -nan |   6.0 | 393.3
        Bailey |  11.4 |   8.4 |  63.2 |  -nan |  15.2 | 3012.0
               +-------+-------+-------+-------+-------+----------------------
